 Dungeon Crawl Stone Soup version 0.28.0-45-g0d030f2227 (webtiles) character file.

Game seed: 2743544467335705738

12656 RepoMan the Devastator (level 11, -6/70 HPs)
             Began as an Octopode Conjurer on Apr 9, 2022.
             Was a Believer of the Shining One.
             Mangled by an eight-headed hydra (11 damage)
             ... on level 3 of the Lair of Beasts.
             The game lasted 01:00:56 (17789 turns).

RepoMan the Devastator (Octopode Conjurer)         Turns: 17789, Time: 01:00:57

Health: -6/70      AC:  1    Str: 13    XL:     11   Next: 96%
Magic:  11/23      EV: 14    Int: 31    God:    the Shining One [**....]
Gold:   579        SH:  5    Dex: 10    Spells: 19/26 levels left

rFire   + . .      SeeInvis +   j - staff of air
rCold   . . .      Faith    .   (no shield)
rNeg    + + .      Spirit   .   (helmet restricted)
rPois   .          Reflect  +   q - amulet of reflection
rElec   +          Harm     .   a - ring of positive energy
rCorr   .          Rampage  .   h - +6 ring of intelligence
Will    +....                   p - ring of protection from fire
Stlth   +.........              v - ring of see invisible
HPRegen 0.21/turn               E - ring of willpower
MPRegen 0.18/turn               w - +6 ring of strength
                                G - ring of wizardry
                                (no ring)

@: very slightly contaminated, glowing
A: almost no armour, amphibious, 8 rings, camouflage 1, gelatinous body 1,
(nimble swimmer 1), tentacles
a: Renounce Religion, Divine Shield


You were on level 3 of the Lair of Beasts.
You worshipped the Shining One.
The Shining One was pleased with you.
You visited 3 branches of the dungeon, and saw 14 of its levels.
You also visited: Sewer.

You collected 711 gold pieces.
You spent 132 gold pieces at shops.

Inventory:

Hand Weapons
 x - a +4 scimitar of flaming
Missiles
 f - 25 poisoned darts
 D - a throwing net
 H - a curare-tipped dart
Magical Staves
 j - a staff of air (weapon)
Jewellery
 a - a ring of positive energy (left tentacle)
 h - a +6 ring of intelligence (right tentacle)
 p - a ring of protection from fire (on tentacle)
 q - an amulet of reflection (around mantle)
 v - a ring of see invisible (on tentacle)
 w - a +6 ring of strength (on tentacle)
 E - a ring of willpower (on tentacle)
 G - a ring of wizardry (on tentacle)
Wands
 I - a wand of paralysis (1)
 J - a wand of flame (3)
Scrolls
 i - 5 scrolls of teleportation
 k - a scroll of silence
 m - 4 scrolls of amnesia
 n - a scroll of magic mapping
 o - 3 scrolls of immolation
 r - 2 scrolls of enchant weapon
 s - 2 scrolls of vulnerability {unknown}
 t - 2 scrolls of enchant armour {unknown}
 u - 3 scrolls of fog {unknown}
 B - a scroll of fear
 K - 2 scrolls of identify
Potions
 b - 3 potions of might
 c - 6 potions of curing
 d - a potion of haste {unknown}
 e - a potion of attraction {unknown}
 g - 2 potions of berserk rage {unknown}
 l - 2 potions of lignification {unknown}
 z - a potion of cancellation {unknown}
 A - 2 potions of degeneration {unknown}
 C - a potion of heal wounds {unknown}
 F - a potion of flight {unknown}
 L - 2 potions of mutation {unknown}


   Skills:
 + Level 4.5 Fighting
 + Level 5.1 Dodging
 - Level 2.6 Stealth
 + Level 8.2 Spellcasting
 * Level 15.3 Conjurations
 - Level 3.0 Invocations


You had 19 spell levels left.
You knew the following spells:

 Your Spells              Type           Power      Damage    Failure   Level
m - Iskenderun's Mystic   Conj/Tloc      57%        2d12      1%          4
q - Magic Dart            Conj           100%       1d8       0%          1
r - Searing Ray           Conj           100%       2d8       0%          2

Your spell library contained the following spells:

 Spells                   Type           Power      Damage    Failure   Level
 Dazzling Flash           Conj/Hex       100%       N/A       1%          3
 Fulminant Prism          Conj/Hex       28%        3d14      1%          4
 Ensorcelled Hibernation  Hex/Ice        24%        N/A       2%          2
 Gell's Gravitas          Tloc           12%        N/A       4%          3
 Ozocubu's Armour         Ice            12%        N/A       4%          3
 Spider Form              Tmut/Pois      12%        N/A       4%          3
 Teleport Other           Tloc           12%        N/A       4%          3
 Anguish                  Hex/Necr       6%         N/A       16%         4
 Animate Dead             Necr           6%         N/A       16%         4
 Summon Ice Beast         Ice/Summ       12%        N/A       16%         4
 Borgnjor's Vile Clutch   Necr/Erth      6%         N/A       38%         5
 Metabolic Englaciation   Hex/Ice        6%         N/A       38%         5
 Summon Mana Viper        Hex/Summ       12%        N/A       38%         5
 Death Channel            Necr           6%         N/A       91%         6
 Dispersal                Tloc           6%         N/A       91%         6
 Simulacrum               Ice/Necr       6%         N/A       91%         6
 Monstrous Menagerie      Summ           6%         N/A       100%        7


Dungeon Overview and Level Annotations

Branches:
Dungeon (10/15)            Temple (1/1) D:5            Lair (3/6) D:10
  Snake (0/4) Lair:2          Orc (0/2) D:9           Sewer (visited)
  Swamp: Lair:2-4    Shoals: Lair:2-4

Altars:
Ashenzari
Cheibriados
Dithmenos
Elyvilon
Fedhas
Gozag
Hepliaklqana
Kikubaaqudgha
Makhleb
Nemelex Xobeh
Okawaru
Qazlal
Ru
Sif Muna
Trog
Uskayaw
Vehumet
Wu Jian
Xom
Yredelemnul
Zin
The Shining One

Shops:
D:3 :   D:6 [   D:8 ?

Annotations:
D:7 exclusion: door
Lair:1 exclusion: 2 downstairs


Innate Abilities, Weirdness & Mutations

You cannot wear most types of armour.
You are amphibious.
You can wear up to eight rings at the same time.
Your skin changes colour to match your surroundings (Stealth+).
Your rubbery body absorbs attacks. (AC +1, EV +1)
((You are camouflaged when in or above water. (Stealth+)))
You have tentacles for arms and can constrict up to eight enemies at once.


Message History

Press: ? - help, Shift-Dir - straight line, f/p - eight-headed hydra
Aim: an eight-headed hydra (moderately wounded, haloed)
The mass of ice explodes!
The iceblast engulfs the eight-headed hydra!
The eight-headed hydra is heavily wounded.
The now-empty wand crumbles to dust.
Casting: Searing Ray (safe; 0% risk of failure)
Confirm with . or Enter, or press ? or * to list all spells.
You miscast Iskenderun's Mystic Blast.
You are very lightly contaminated with residual magic.
Nothing appears to happen.
Unknown command.
Casting: Iskenderun's Mystic Blast (mildly dangerous; 1% risk of failure)
Confirm with . or Enter, or press ? or * to list all spells.
You erupt in a blast of force!
The mystic blast hits the eight-headed hydra.
The eight-headed hydra is heavily wounded.
The eight-headed hydra bites you!
You block the eight-headed hydra's attack.
The eight-headed hydra barely misses you.
The eight-headed hydra bites you. The eight-headed hydra bites you!
The eight-headed hydra closely misses you.
You block the eight-headed hydra's attack.
The eight-headed hydra completely misses you.
Casting: Iskenderun's Mystic Blast (mildly dangerous; 1% risk of failure)
Confirm with . or Enter, or press ? or * to list all spells.
You erupt in a blast of force!
The mystic blast hits the eight-headed hydra!!
The eight-headed hydra is severely wounded.
The eight-headed hydra bites you. The eight-headed hydra bites you! x2
* * * LOW HITPOINT WARNING * * *
The eight-headed hydra bites you!
* * * LOW HITPOINT WARNING * * *
The eight-headed hydra bites you.
* * * LOW HITPOINT WARNING * * *
The eight-headed hydra bites you!
* * * LOW HITPOINT WARNING * * *
The eight-headed hydra closely misses you.
The eight-headed hydra bites you!
You die...

▒PP...........
▒▒............
▒.............
▒▒▒............
▒P........[..
▒▒...........
▒.......<...
▒...........
▒.▒@D......▒
▒...▒......▒
▒.....▒....
▒....▒▒......▒
..▒.▒▒
▒.▒.▒▒▒.▒ ...
▒▒▒▒▒ ▒▒. ▒


You could see an eight-headed hydra.

Vanquished Creatures
  A hydra (Lair:2)
  A two-headed ogre (D:9)
  Erica (D:8)
  2 black mambas (Lair:2)
  2 cane toads (Lair:1)
  2 rime drakes (Lair:1)
  2 komodo dragons
  A vampire (D:9)
  A wyvern (D:10)
  24 yaks
  Menkaure (D:5)
  A naga (Lair:2)
  6 water moccasins
  2 ice beasts
  A sky beast (D:8)
  A black bear (D:4)
  2 orc warriors (D:9)
  8 wolves
  3 centaurs (D:9)
  A phantom (D:2)
  Blork the orc (D:5)
  2 kobold brigands (D:9)
  5 bullfrogs
  4 scorpions
  2 water moccasin skeletons (D:4)
  14 wights
  2 howler monkeys (D:7)
  3 jellies
  A centaur zombie (D:5)
  A bullfrog zombie (D:6)
  4 orc priests
  4 bullfrog skeletons
  A gnoll shaman (D:5)
  4 hounds
  A centaur skeleton (D:5)
  5 orc wizards
  A hound skeleton (D:5)
  8 gnolls
  2 howler monkey skeletons
  8 adders
  A river rat (Sewer)
  A shadow imp (D:7)
  A white imp (D:6)
  2 ufetubi
  3 adder skeletons (D:4)
  3 worms
  2 dart slugs
  15 orcs
  A bat (D:1)
  12 endoplasms
  6 giant cockroaches
  7 goblins
  5 hobgoblins
  10 jackals
  5 quokkas
  6 ball pythons
  3 frilled lizards
  20 kobolds
  7 rats
246 creatures vanquished.

Vanquished Creatures (others)
  8 fungi
  15 plants
23 creatures vanquished.

Grand Total: 269 creatures vanquished

Notes
Turn   | Place    | Note
-------+----------+-------------------------------------------
     0 | D:1      | RepoMan the Octopode Conjurer began the quest for the Orb.
     0 | D:1      | Reached XP level 1. HP: 11/11 MP: 3/3
   310 | D:1      | Reached XP level 2. HP: 17/17 MP: 1/5
   362 | D:1      | Learned a level 2 spell: Searing Ray
   898 | D:1      | Reached XP level 3. HP: 21/21 MP: 4/6
  1003 | D:1      | Reached skill level 5 in Conjurations
  1421 | D:2      | Found a snail-covered altar of Cheibriados.
  1566 | D:2      | Found a faded altar of an unknown god.
  1578 | D:2      | Reached XP level 4. HP: 27/27 MP: 1/7
  1604 | D:2      | Noticed a phantom
  1813 | D:3      | Reached skill level 6 in Conjurations
  1994 | D:3      | Reached XP level 5. HP: 31/31 MP: 2/8
  2123 | D:3      | Found Fyqenk's Book Shop.
  2134 | D:3      | Found a glowing drain.
  2152 | Sewer    | Entered a sewer
  2320 | Sewer    | Noticed a kobold brigand
  2433 | D:3      | Found a broken altar of Ashenzari.
  2877 | D:4      | Noticed a black bear
  2889 | D:4      | Killed a black bear
  2890 | D:4      | Reached skill level 7 in Conjurations
  2890 | D:4      | Reached XP level 6. HP: 36/36 MP: 2/9
  3120 | D:4      | Found a shadowy altar of Dithmenos.
  3457 | D:4      | Reached skill level 8 in Conjurations
  3496 | D:4      | Reached XP level 7. HP: 41/41 MP: 10/10
  3834 | D:5      | Entered Level 5 of the Dungeon
  4100 | D:5      | Found a staircase to the Ecumenical Temple.
  4109 | Temple   | Entered the Ecumenical Temple
  4186 | Temple   | Became a worshipper of the Shining One
  4243 | D:5      | Noticed Blork the orc
  4255 | D:5      | Killed Blork the orc
  4256 | D:5      | Reached skill level 9 in Conjurations
  4504 | D:5      | Found a shimmering altar of Xom.
  4802 | D:5      | Found an ornate altar of the Wu Jian Council.
  4803 | D:5      | Noticed Menkaure
  5037 | D:2      | Reached XP level 8. HP: 46/46 MP: 2/11
  5872 | D:5      | Killed Menkaure
  5873 | D:5      | Reached skill level 10 in Conjurations
  6406 | D:5      | Reached * piety under the Shining One
  6909 | D:6      | Reached skill level 1 in Invocations
  7272 | D:6      | Found Biwuocec's Antique Armour Shop.
  7964 | D:7      | Reached skill level 11 in Conjurations
  8065 | D:7      | Reached XP level 9. HP: 39/51 MP: 9/14
  8201 | D:7      | Reached ** piety under the Shining One
  8321 | D:7      | Learned a level 4 spell: Iskenderun's Mystic Blast
  9181 | D:7      | Reached skill level 5 in Spellcasting
  9181 | D:7      | Reached skill level 12 in Conjurations
  9792 | D:8      | Noticed Erica
  9812 | D:8      | Reached XP level 10. HP: 56/56 MP: 9/18
  9815 | D:8      | Killed Erica
  9816 | D:8      | Reached skill level 13 in Conjurations
 10060 | D:8      | HP: 1/56 [yak (15)]
 10846 | D:8      | Found Liym's Magic Scroll Boutique.
 11061 | D:8      | Bought a scroll of identify for 24 gold pieces
 11061 | D:8      | Bought a scroll of identify for 24 gold pieces
 11061 | D:8      | Bought a scroll of fear for 42 gold pieces
 11061 | D:8      | Bought a scroll of amnesia for 42 gold pieces
 11996 | D:9      | Reached skill level 14 in Conjurations
 12130 | D:9      | Noticed a two-headed ogre
 12140 | D:9      | Killed a two-headed ogre
 12141 | D:9      | Reached skill level 1 in Fighting
 12844 | D:9      | Reached XP level 11. HP: 52/64 MP: 7/21
 13053 | D:9      | Found a staircase to the Orcish Mines.
 13523 | D:9      | Found a blossoming altar of Fedhas.
 13867 | D:10     | Entered Level 10 of the Dungeon
 14007 | D:10     | Found a burning altar of Makhleb.
 14295 | D:10     | Found a staircase to the Lair.
 14314 | Lair:1   | Entered Level 1 of the Lair of Beasts
 16108 | Lair:2   | Noticed a six-headed hydra
 16296 | Lair:2   | Reached skill level 15 in Conjurations
 16340 | Lair:2   | Killed a six-headed hydra
 16837 | Lair:2   | Found a staircase to the Snake Pit.
 17161 | Lair:2   | Reached *** piety under the Shining One
 17171 | Lair:2   | Reached skill level 5 in Dodging
 17781 | Lair:3   | Noticed an eight-headed hydra
 17789 | Lair:3   | Mangled by an eight-headed hydra

Illustrated notes

Levels and vault maps discovered:
D:1:      saegor_arrival_simple_e, layout_loops_cross
D:2:      layout_loops_cross, hellmonk_ecumenical_altar_run_dry, basic_altar,
          serial_bayou_pond_d
D:3:      layout_loops_ring, ashenzari_altar_1, serial_shops, shop,
          portal_sewer_entry_f, grunt_ministairs_13
D:4:      layout_basic, nicolae_dithmenos_shadow_blocks, serial_glass,
          glass_columns_a, glass_columns_b, glass_columns_b, glass_columns_b,
          glass_columns_a, glass_columns_a, minmay_strange_pillars
D:5:      layout_basic, mainiacjoe_overflow_cross_hatched,
          nicolae_wu_jian_immortal_techniques,
          minmay_temple_entry_statues_pillars, uniq_menkaure, uniq_blork_the_orc
D:6:      layout_gridville, serial_shops, shop
D:7:      layout_basic
D:8:      layout_loops_ring, serial_shops, nicolae_shop_stone, uniq_erica
D:9:      layout_layer_cave, kennysheep_mini, orc_0_dummy
D:10:     layout_loops_corners, mainiacjoe_overflow_brackets, lair_entry_dummy
Temple:   nicolae_temple_elliptical
Lair:1:   layout_layer_cave
Lair:2:   layout_regular_city, guppyfry_snake_entry_garden, st_stairs_11,
          grunt_megastairs_5, infiniplex_staircase_pool_2, serial_bayou_shore_b
Lair:3:   dragon1_lemuel, layout_cave_pods, uniq_rupert, uniq_urug

Skill      XL: |  1  2  3  4  5  6  7  8  9 10 11 |
---------------+----------------------------------+-----
Conjurations   | 5 6 7 8 9 11 12 14 15 | 15.3
Spellcasting   | 3 5 7 8 |  8.2
Invocations    | 2 3 |  3.0
Fighting       | 2 4 |  4.5
Dodging        | 3 5 |  5.1
Stealth        | |  2.6

Action                   |  1- 3 |  4- 6 |  7- 9 | 10-12 || total
-------------------------+-------+-------+-------+-------++-------
Melee: Unarmed           |    16 |     1 |       |       ||    17
       Constrict         |     5 |     1 |     4 |     1 ||    11
       Tentacles         |     4 |     1 |     2 |     6 ||    13
       Staff             |       |       |     7 |     9 ||    16
Throw: Dart              |     2 |     6 |    13 |     1 ||    22
 Cast: Magic Dart        |    56 |    65 |   230 |   111 ||   462
       Searing Ray       |     4 |     6 |    29 |    52 ||    91
       Iskenderun's Myst |       |       |       |    64 ||    64
Invok: Divine Shield     |       |       |     2 |     2 ||     4
Evoke: Wand              |       |       |       |    20 ||    20
  Use: Scroll            |       |     2 |     2 |     4 ||     8
       Potion            |       |       |     1 |       ||     1
Armor: Skin              |       |     1 |     1 |     6 ||     8
Dodge: Dodged            |    16 |     4 |    39 |    44 ||   103
Block: Other             |       |       |     8 |    28 ||    36
       Reflection        |       |       |       |     4 ||     4
